AoeStats
← CazadorGT

Nomad

509963779Analyzed
2v2 RM · 4d ago on Sep 28, 2026· 57m 55s· 4 players
Game mode
Random Map
Map size
176×176
Population
200
Speed
Normal
Resources
Standard
Victory
Conquest
Starting age
Dark Age
Ending age
Imperial Age
RankedLock teamsTeams togetherTeam positionsShared explorationLock speedFull tech treeHidden civsTurbo modeCheats
Victory
Defeat
🇬🇹 Malians · Guatemala
1126
+15
🇨🇱 Vikings · Chile
1066
+17
🇲🇽 Goths · Mexico
1121
-17
🇲🇽 Franks · Mexico
1068
-15
Estefi Errote
2:59 Loom
13:44 Feudal Age
13:56 Man-at-Arms
15:48 Wheelbarrow
15:13 Horse Collar
16:51 Double-Bit Axe
18:20 Scale Mail Armor
18:30 Forging
18:26 Scale Barding Armor
21:51 Castle Age
20:48 Bloodlines
23:06 Bow Saw
22:58 Heavy Plow
23:41 Hand Cart
24:13 Husbandry
24:12 Town Watch
25:05 Squires
25:50 Husbandry
30:33 Chain Mail Armor
32:47 Anarchy
35:51 Iron Casting
37:05 Ballistics
37:43 Murder Holes
38:13 Fletching
39:16 Stone Mining
39:38 Bodkin Arrow
46:19 Gold Mining
49:11 Imperial Age
51:06 Chemistry
51:07 Perfusion
52:10 Blast Furnace
Solrac Noctis
14:11 Feudal Age
19:38 Castle Age
22:28 Husbandry
23:49 Scale Barding Armor
36:40 Forging
40:23 Wheelbarrow
CazadorGT
9:25 Loom
12:42 Feudal Age
15:13 Fletching
16:15 Padded Archer Armor
18:25 Double-Bit Axe
23:20 Castle Age
21:53 Gold Mining
23:28 Crossbowman
24:04 Bodkin Arrow
24:25 Horse Collar
31:49 Forging
33:34 Iron Casting
33:17 Scale Mail Armor
33:51 Heavy Plow
35:21 Chain Mail Armor
39:21 Wheelbarrow
38:39 Town Watch
46:44 Squires
49:20 Wheelbarrow
52:49 Imperial Age
52:51 Elite Gbeto
54:28 Conscription
55:44 Chemistry
55:25 Gold Shaft Mining
54:41 Stone Mining
55:55 Plate Mail Armor
Potatoe D
3:29 Loom
13:08 Feudal Age
15:42 Horse Collar
17:02 Forging
17:06 Fishing Lines
21:06 Castle Age
19:57 Scale Mail Armor
21:17 Arson
21:56 Double-Bit Axe
22:48 Iron Casting
21:35 Man-at-Arms
22:32 Gillnets
24:24 Squires
26:01 Bow Saw
26:09 Chain Mail Armor
26:02 Pikeman
30:41 Scale Barding Armor
34:12 Gold Mining
34:13 Stone Mining
34:41 Chieftains
40:35 Imperial Age
39:45 Long Swordsman
41:55 Conscription
42:27 Elite Berserk
43:09 Fletching
43:53 Two-Handed Swordsman
46:14 Blast Furnace
46:21 Plate Mail Armor
46:54 Gold Shaft Mining
48:57 Two-Man Saw
49:08 Bodkin Arrow
51:58 Bracer
53:23 Crossbowman
54:44 Bogsveigar
56:07 Arbalester
Connection lost

Rejoining the realm…

Still unreachable

The connection could not be restored.

Session expired

The server has moved on; the page needs a fresh start.